AoeStats
← crowpandacr

Four Lakes

510248027Analyzed
1v1 RM · 7h ago on Sep 30, 2026· 80m 37s· 2 players
Game mode
Random Map
Map size
Tiny (2 player)
Population
200
Speed
Normal
Resources
Standard
Victory
Conquest
Starting age
Dark Age
Ending age
Imperial Age
RankedLock teamsTeams togetherTeam positionsShared explorationLock speedFull tech treeHidden civsTurbo modeCheats
Victory
Defeat
🇨🇿 Varangians · Czechia
254
+19
🇨🇷 Chinese · Costa Rica
321
-19
Dr460n1um-CZ
11:07 Feudal Age
11:45 Double-Bit Axe
19:31 Fishing Lines
20:40 Horse Collar
27:23 Castle Age
26:07 Bloodlines
26:07 Scale Barding Armor
28:33 Husbandry
28:56 Chain Barding Armor
28:57 Bow Saw
32:14 Light Cavalry
33:06 Forging
34:38 Heavy Plow
38:59 Stone Mining
39:01 Gold Mining
41:50 Wheelbarrow
43:05 Treadmill Crane
43:21 Murder Holes
43:47 Ballistics
43:43 Gillnets
46:30 Imperial Age
44:16 Hand Cart
44:51 Stone Shaft Mining
46:57 Iron Casting
46:13 Fletching
46:23 Padded Archer Armor
46:24 Scale Mail Armor
47:15 Hand Cart
46:47 Loom
47:52 Plate Barding Armor
48:38 Two-Man Saw
48:12 Crop Rotation
48:05 Clinker Construction
48:08 Masonry
48:59 Chemistry
48:25 Conscription
47:29 Vendel Legacy
47:33 Gothikon
47:35 Elite Jarl
48:31 Scale Mail Armor
48:27 Bodkin Arrow
48:57 Arson
50:32 Elite Varangian Guard
51:13 Squires
51:08 Town Watch
57:34 Town Patrol
58:10 Architecture
57:47 Siege Engineers
57:33 Heated Shot
57:55 Fortified Wall
58:12 Carvel Hull
58:26 Shipwright
63:30 Guilds
crowpandacr
1:22 Loom
16:12 Feudal Age
17:48 Wheelbarrow
16:59 Town Watch
17:05 Double-Bit Axe
17:12 Gold Mining
17:15 Stone Mining
17:16 Horse Collar
23:57 Castle Age
23:51 Forging
23:34 Fletching
23:46 Scale Mail Armor
23:47 Padded Archer Armor
24:56 Squires
25:07 Thumb Ring
25:12 Crossbowman
27:17 Hand Cart
27:45 Bow Saw
28:35 Pikeman
29:47 Heavy Plow
30:56 Town Patrol
33:25 Gold Shaft Mining
33:28 Stone Shaft Mining
39:49 Imperial Age
38:15 Bloodlines
38:05 Husbandry
47:26 Scale Barding Armor
48:08 Cavalier
49:51 Fishing Lines
52:06 Iron Casting
51:47 Chain Mail Armor
51:48 Leather Archer Armor
51:28 Bodkin Arrow
51:54 Chain Barding Armor
51:59 Sanctity
51:53 Elite Chu Ko Nu
53:28 Rocketry
52:44 Sappers
54:10 Gillnets
54:34 Halberdier
55:00 Arson
54:50 Light Cavalry
54:51 Cavalier
54:58 Cavalier
55:07 Arbalester
55:13 Arbalester
55:16 Elite Skirmisher
55:47 Heavy Rocket Cart
57:46 Atonement
58:34 Theocracy
58:14 Fervor
58:09 Devotion
58:40 Illumination
58:33 Block Printing
58:20 Herbal Medicine
61:53 Plate Mail Armor
Connection lost

Rejoining the realm…

Still unreachable

The connection could not be restored.

Session expired

The server has moved on; the page needs a fresh start.